 Dungeon Crawl Stone Soup version 0.23-a0-489-g205b0b6 (webtiles) character file.

1135 Leeroy the Charmwright (level 8, -12/63 HPs)
             Began as a Gnoll Skald on Dec 2, 2018.
             Mangled by an orc warrior
             ... wielding a +0 battleaxe
              (21 damage)
             ... on level 5 of the Dungeon.
             The game lasted 00:47:17 (4751 turns).

Leeroy the Charmwright (Gnoll Skald)                Turns: 4751, Time: 00:47:18

Health: -12/63     AC: 10    Str: 16    XL:     8   Next: 36%
Magic:  14/17      EV: 14    Int: 16    God:
Gold:   223        SH:  0    Dex: 14    Spells: 10/19 levels left

rFire    . . .     SeeInvis .   m - +1 short sword (flame)
rCold    + . .     Gourm    .   (no shield)
rNeg     . . .     Faith    .   C - +1 ring mail {rC+}
rPois    .         Spirit   .   (no helmet)
rElec    .         Reflect  .   (no cloak)
rCorr    .         Harm     .   (no gloves)
MR       .....                  A - +2 pair of boots {Fly}
Stlth    ++........             (no amulet)
HPRegen  0.20/turn              (no ring)
MPRegen  0.15/turn              (no ring)

@: no status effects
A: distributed training, fangs 1, strong nose
a: Evoke Flight


You were on level 5 of the Dungeon.
You were not hungry.

You visited 1 branch of the dungeon, and saw 6 of its levels.

You collected 223 gold pieces.

Inventory:

Hand Weapons
 a - a +0 falchion
 j - a +0 war axe
 k - a +0 hand axe of electrocution
 m - a +1 short sword of flaming (weapon)
 n - a +0 hunting sling
 p - a +1 mace of protection
 t - a +0 scythe
 H - a +0 blowgun
 I - a +0 falchion
 M - a +0 flail
 O - a +0 dagger
 R - a +0 trident
 Z - a +0 shortbow
Missiles
 g - 90 arrows
 l - 209 stones (quivered)
 o - 2 javelins
 q - 5 needles of confusion
 s - 2 throwing nets
 E - 11 poisoned needles
 K - 45 bolts
 W - 16 sling bullets
Armour
 b - a +0 leather armour
 h - a cursed +0 pair of boots
 u - a +0 robe
 w - a +0 robe of magic resistance
 A - a +2 pair of boots of flying (worn)
 B - a +0 ring mail
 C - a +1 ring mail of cold resistance (worn)
 D - a +0 scale mail
 P - a +0 robe
 Q - a +0 plate armour
 X - a +0 ring mail
Jewellery
 c - an uncursed amulet of rage {unknown}
 V - an uncursed amulet of regeneration
 Y - a cursed ring of resist corrosion
Scrolls
 i - a scroll of immolation
 v - 2 scrolls of enchant armour
 x - a scroll of magic mapping {unknown}
 y - a scroll of fear {unknown}
 z - a scroll of teleportation {unknown}
 S - 2 scrolls of remove curse
Potions
 e - 2 potions of agility {unknown}
 f - a potion of brilliance {unknown}
 r - 2 potions of haste {unknown}
 G - a potion of berserk rage {unknown}
 J - 2 potions of might {unknown}
 L - a potion of curing
 N - a potion of flight {unknown}
 T - a potion of resistance {unknown}
 U - a potion of invisibility {unknown}
Comestibles
 d - 4 rations


   Skills:
 + Level 5.6 Fighting
 + Level 3.1 Short Blades
 + Level 5.6 Long Blades
 + Level 3.1 Axes
 + Level 3.1 Maces & Flails
 + Level 3.1 Polearms
 + Level 3.1 Staves
 + Level 3.1 Slings
 + Level 3.1 Bows
 + Level 3.1 Crossbows
 + Level 3.1 Throwing
 + Level 4.1 Armour
 + Level 5.6 Dodging
 + Level 3.1 Stealth
 + Level 3.1 Shields
 + Level 3.1 Unarmed Combat
 + Level 6.0 Spellcasting
 + Level 2.5 Conjurations
 + Level 2.5 Hexes
 + Level 6.1 Charms
 + Level 2.5 Summonings
 + Level 2.5 Necromancy
 + Level 2.5 Translocations
 + Level 2.5 Transmutations
 + Level 2.5 Fire Magic
 + Level 2.5 Ice Magic
 + Level 2.5 Air Magic
 + Level 2.5 Earth Magic
 + Level 2.5 Poison Magic
 + Level 3.4 Invocations
 + Level 3.1 Evocations


You had 10 spell levels left.
You knew the following spells:

 Your Spells              Type           Power        Failure   Level  Hunger
a - Infusion              Chrm           ###.         1%          1    None
b - Shroud of Golubria    Chrm/Tloc      ###.......   6%          2    #......
c - Regeneration          Chrm/Necr      ###.......   12%         3    ##.....
d - Spectral Weapon       Hex/Chrm       ###.....     12%         3    ##.....

Your spell library contained the following spells:

 Spells                   Type           Power        Failure   Level  Hunger
 Song of Slaying          Chrm           ###.....     3%          2    #......


Dungeon Overview and Level Annotations

Branches:
Dungeon (6/15)
 Temple: D:4-7

Altars:
Trog


Innate Abilities, Weirdness & Mutations

Your experience applies equally to all skills.
You have very sharp teeth.
Your uncanny sense of smell can sniff out nearby items.


Message History

The orc warrior is heavily wounded.
The orc warrior barely misses you.
Cast which spell? (? or * to list)
You draw out your weapon's spirit!
The orc warrior barely misses you.
The orc warrior misses your spectral weapon.
You hit the orc warrior but do no damage.
The orc warrior is heavily wounded.
Your spectral weapon hits the orc warrior but does no damage.
The orc warrior hits you with a +0 battleaxe!!
* * * LOW HITPOINT WARNING * * *
The orc warrior misses your spectral weapon.
You hit the orc warrior but do no damage.
The orc warrior is heavily wounded.
Your spectral weapon hits the orc warrior but does no damage.
You hit the orc warrior. You burn the orc warrior.
You bite the orc warrior, but do no damage.
The orc warrior is severely wounded.
Your spectral weapon hits the orc warrior but does no damage.
The orc warrior hits you with a +0 battleaxe!!
You die...

.####.## ###......#.. .# #.#
#####........#.. .# #.#
#...........#.#. .# #.#########
#.###......#.#.# ## #.#.......#
#.# #.....#.#.#. #.#.#####.# #.#
#....#.##.## #.#.#
#.####.###...#.###.# #.#.###
#.##.o(.....#.## #.# #.....#
#.##@#.###.#.## #.# ###.#.#
#.##.#.####.######.## # ##.#.#.#
#.##.#..###.##.......
####....#^###.##.#...##.#........
'................................
####...##.########.....##........
# ##.###.# ##.......##....... ###
#.# #.........##.....# ##.#
##.......####...##


You could see an orc warrior and a friendly spectral +1 short sword of flaming.

Vanquished Creatures
  Sigmund (D:2)
  An ice beast (D:5)
  A phantom (D:5)
  A centaur (D:5)
  3 scorpions
  A jelly (D:5)
  A howler monkey (D:5)
  2 crimson imps (D:5)
  2 hounds (D:4)
  2 orc priests (D:5)
  2 orc wizards (D:4)
  A howler monkey zombie (D:5)
  9 adders
  6 oozes
  An adder skeleton (D:5)
  3 worms
  3 dart slugs
  2 leopard geckos
  13 orcs
  9 giant cockroaches
  7 goblins
  7 hobgoblins
  4 jackals (D:1)
  5 quokkas
  3 ball pythons
  5 bats
  8 frilled lizards
  A giant cockroach zombie (D:5)
  10 kobolds
  A quokka skeleton (D:5)
  15 rats
130 creatures vanquished.

Vanquished Creatures (others)
  An orc (D:3)
  A kobold (D:3)
2 creatures vanquished.

Grand Total: 132 creatures vanquished

Notes
Turn   | Place    | Note
-------+----------+-------------------------------------------
     0 | D:1      | Leeroy the Gnoll Skald began the quest for the Orb.
     0 | D:1      | Reached XP level 1. HP: 20/20 MP: 6/6
     1 | D:1      | Found a runed door.
    13 | D:1      | Reached XP level 2. HP: 15/26 MP: 7/7
    56 | D:1      | Reached XP level 3. HP: 3/31 MP: 9/9
    56 | D:1      | HP: 1/31 [ooze (2)]
    59 | D:1      | Reached skill level 5 in Spellcasting
   366 | D:1      | Learned a level 2 spell: Shroud of Golubria
   370 | D:1      | Learned a level 3 spell: Regeneration
   374 | D:1      | Learned a level 3 spell: Spectral Weapon
   580 | D:1      | Reached skill level 1 in Invocations
   702 | D:1      | Reached skill level 1 in Short Blades
   702 | D:1      | Reached skill level 1 in Axes
   702 | D:1      | Reached skill level 1 in Maces & Flails
   702 | D:1      | Reached skill level 1 in Polearms
   702 | D:1      | Reached skill level 1 in Staves
   702 | D:1      | Reached skill level 1 in Slings
   702 | D:1      | Reached skill level 1 in Bows
   702 | D:1      | Reached skill level 1 in Crossbows
   702 | D:1      | Reached skill level 1 in Throwing
   702 | D:1      | Reached skill level 1 in Stealth
   702 | D:1      | Reached skill level 1 in Shields
   702 | D:1      | Reached skill level 1 in Unarmed Combat
   702 | D:1      | Reached skill level 1 in Evocations
   972 | D:1      | Reached XP level 4. HP: 38/38 MP: 11/11
  1182 | D:2      | Noticed Sigmund
  1197 | D:2      | Killed Sigmund
  1197 | D:2      | Reached skill level 1 in Conjurations
  1197 | D:2      | Reached skill level 1 in Hexes
  1197 | D:2      | Reached skill level 1 in Summonings
  1197 | D:2      | Reached skill level 1 in Necromancy
  1197 | D:2      | Reached skill level 1 in Translocations
  1197 | D:2      | Reached skill level 1 in Transmutations
  1197 | D:2      | Reached skill level 1 in Fire Magic
  1197 | D:2      | Reached skill level 1 in Ice Magic
  1197 | D:2      | Reached skill level 1 in Air Magic
  1197 | D:2      | Reached skill level 1 in Earth Magic
  1197 | D:2      | Reached skill level 1 in Poison Magic
  1197 | D:2      | Reached XP level 5. HP: 28/43 MP: 2/12
  1215 | D:2      | Reached XP level 6. HP: 30/50 MP: 4/13
  1904 | D:3      | Reached skill level 5 in Fighting
  1904 | D:3      | Reached skill level 5 in Long Blades
  1904 | D:3      | Reached skill level 5 in Dodging
  2991 | D:4      | Reached XP level 7. HP: 45/56 MP: 15/15
  3567 | D:5      | Entered Level 5 of the Dungeon
  3568 | D:5      | Found a bloodstained altar of Trog.
  3792 | D:5      | Reached XP level 8. HP: 38/63 MP: 16/16
  4329 | D:5      | HP: 3/63 [acid (10)]
  4751 | D:5      | Mangled by an orc warrior

Vault maps used:
D:1:      dpeg_arrival_caged_fury, minmay_tromino_i4
D:2:      uniq_sigmund
D:3:      minmay_fractal_squares_diagonal_5
D:4:      kennysheep_decorative_pillar
D:5:      wad_pebble_path, first_ration, bloody_trog
D:6:      kennysheep_slug_shrine, minmay_temple_entry_grid,
          portal_sewer_entry_f, bloody_makhleb

Skill      XL: |  1  2  3  4  5  6  7  8 |
---------------+-------------------------+-----
Spellcasting   | 5 6 |  6.0
Invocations    | 1 2 3 |  3.4
Short Blades   | 1 2 3 |  3.1
Axes           | 1 2 3 |  3.1
Maces & Flails | 1 2 3 |  3.1
Polearms       | 1 2 3 |  3.1
Staves         | 1 2 3 |  3.1
Slings         | 1 2 3 |  3.1
Bows           | 1 2 3 |  3.1
Crossbows      | 1 2 3 |  3.1
Throwing       | 1 2 3 |  3.1
Stealth        | 1 2 3 |  3.1
Shields        | 1 2 3 |  3.1
Unarmed Combat | 1 2 3 |  3.1
Evocations     | 1 2 3 |  3.1
Armour         | 3 4 |  4.1
Conjurations   | 1 2 |  2.5
Hexes          | 1 2 |  2.5
Summonings     | 1 2 |  2.5
Necromancy     | 1 2 |  2.5
Translocations | 1 2 |  2.5
Transmutations | 1 2 |  2.5
Fire Magic     | 1 2 |  2.5
Ice Magic      | 1 2 |  2.5
Air Magic      | 1 2 |  2.5
Earth Magic    | 1 2 |  2.5
Poison Magic   | 1 2 |  2.5
Fighting       | 5 |  5.6
Long Blades    | 5 |  5.6
Dodging        | 5 |  5.6
Charms         | 6 |  6.1

Action                   |  1- 3 |  4- 6 |  7- 9 || total
-------------------------+-------+-------+-------++-------
Melee: Falchion          |    83 |    25 |    12 ||   120
       Bite              |    15 |    19 |    25 ||    59
       Hand axe          |       |    76 |    18 ||    94
       War axe           |       |    90 |    29 ||   119
       Flail             |       |    16 |       ||    16
       Punch             |       |     3 |     2 ||     5
       Short sword       |       |       |   150 ||   150
       Spear             |       |       |     6 ||     6
       Trident           |       |       |    10 ||    10
Throw: Stone             |       |       |    16 ||    16
 Cast: Infusion          |     2 |       |     3 ||     5
       Regeneration      |     1 |     7 |     4 ||    12
       Spectral Weapon   |     1 |     2 |     6 ||     9
       Shroud of Golubri |     1 |     1 |     1 ||     3
 Abil: Stop Flying       |       |     1 |     2 ||     3
       Evoke Flight      |       |     1 |     1 ||     2
  Use: Scroll            |     1 |     1 |     9 ||    11
       Potion            |       |       |     6 ||     6
 Stab: Sleeping          |     1 |       |     2 ||     3
       Distracted        |       |     1 |       ||     1
  Eat: Chunk             |     1 |     7 |     4 ||    12
       Ration            |       |       |     1 ||     1
Armor: Leather armour    |    27 |    34 |       ||    61
       Ring mail         |       |    46 |    85 ||   131
Dodge: Dodged            |    98 |   185 |   114 ||   397
       Rpst.: Falchion   |    28 |     4 |     2 ||    34

Table legend:
 A = Non-vault XP
 B = Vault XP
 C = Vault XP percentage of total XP
 D = Non-vault monster count
 E = Vault monster count
 F = Vault count percentage of total count
                 A         B        C        D         E       F
            +---------+---------+-------+---------+---------+-------
      Total |    1349 |     273 |  16.8 |     107 |      24 |  18.3
            +---------+---------+-------+---------+---------+-------
        D:1 |      35 |      49 |  58.3 |      20 |      16 |  44.4
        D:2 |     126 |     212 |  62.7 |      28 |       1 |   3.4
        D:3 |     130 |      12 |   8.5 |      21 |       7 |  25.0
        D:4 |     213 |       0 |   0.0 |      16 |       0 |   0.0
        D:5 |     845 |       0 |   0.0 |      22 |       0 |   0.0
            +---------+---------+-------+---------+---------+-------
